 Dungeon Crawl Stone Soup version 0.22-a0-348-gd16d139 (webtiles) character file.

58 Gorglomux the Skirmisher (level 3, -4/30 HPs)
             Began as a Minotaur Earth Elementalist on Apr 10, 2018.
             Slain by a bullfrog (5 damage)
             ... on level 2 of the Dungeon.
             The game lasted 00:02:43 (2301 turns).

Gorglomux the Skirmisher (MiEE)                     Turns: 2301, Time: 00:02:44

Health: -4/30      AC:  3    Str: 13    XL:     3   Next: 76%
Magic:  3/4        EV: 12    Int: 17    God:
Gold:   120        SH:  0    Dex: 10    Spells: 3/4 levels left

rFire    . . .     SeeInvis .   g - +0 mace
rCold    . . .     Gourm    .   (no shield)
rNeg     . . .     Faith    .   c - +0 robe
rPois    .         Spirit   .   (helmet restricted)
rElec    .         Reflect  .   (no cloak)
rCorr    .         Harm     .   (no gloves)
MR       .....                  o - +0 pair of boots
Stlth    ++........             (no amulet)
HPRegen  0.10/turn              (no ring)
MPRegen  0.09/turn              (no ring)

@: brilliant, very slightly contaminated
A: retaliatory headbutt, horns 2
a: no special abilities


You were on level 2 of the Dungeon.
You were not hungry.

You visited 1 branch of the dungeon, and saw 2 of its levels.

You collected 120 gold pieces.

Inventory:

Hand Weapons
 g - a +0 mace (weapon)
Missiles
 b - 53 stones (quivered)
Armour
 c - a +0 robe (worn)
 o - a +0 pair of boots (worn)
Scrolls
 i - a scroll of identify {unknown}
 j - a scroll of random uselessness {unknown}
 k - a scroll of remove curse
 m - a scroll of fear {unknown}
Potions
 e - a potion of brilliance
 f - a potion of flight {unknown}
 n - a potion of curing {unknown}
 p - a potion of haste {unknown}
 q - a potion of invisibility {unknown}
Comestibles
 d - 9 rations
 r - 3 chunks of flesh


   Skills:
 + Level 2.9 Fighting
 + Level 2.8 Armour
 - Level 2.1 Dodging
 - Level 1.5 Stealth
 - Level 1.3 Spellcasting
   Level 0.7 Transmutations
 - Level 2.4 Earth Magic


You had 3 spell levels left.
You knew the following spells:

 Your Spells              Type           Power        Failure   Level  Hunger
a - Sandblast             Erth           ###...       1%          1    ##.....


Dungeon Overview and Level Annotations

Branches:
Dungeon (2/15)

Altars:
Ashenzari
Nemelex Xobeh
Vehumet


Innate Abilities, Weirdness & Mutations

You reflexively headbutt those who attack you in melee.
You have a pair of horns on your head.


Message History

You butt momentarily lethargic!
The giant cockroach closely misses you! The bullfrog hits you!
The adder skeleton barely misses you! You furiously butt!!!
You headbutt the adder skeleton!
You butt the adder skeleton!!!
The bullfrog hits you but does no damage!
The bullfrog hits you!
There is a transporter here!
You enter the transporter and appear at another place!
The bullfrog hits you!!! * * * don't die
* * *
As you read the scroll labeled BOWEON MOUGU, it crumbles to dust!
You feel blessed for a moment!
It butts a scroll of remove curse!
The bullfrog hits you! * * * don't die
* * * The butt hits you! * * * don't die
* * * It was a potion of brilliance!
You feel clever all of a sudden! The bullfrog hits you! rip

#'###.(....#sg#.©.#..#.###.#.#.#
#.# #......#.#.....#.#.###...#.#
#.# #......#s........#...##....#
#.# #......#.#....:#.#...##....#
#.# ######.#..#...#..#...##....#
#.# #.#..|[$.(.%#...##..#.# .)#
#.##8$._..8##...##..#.# ..#####
#..#########.......>#.# ......#
##.....@F....########.# ...<..#
####....#.### #.# ......#
#...##.##########.# ......#
#.####.##....).[..# ......# #.#
#.##.######### ......# #.#
#.##.# ......# #.# #.##.#
#'#'### #.# #.##.######## #.#.#
#.# #.##........#


You could see a bullfrog and a giant cockroach.

Vanquished Creatures
  An adder (D:2)
  An adder skeleton (D:2)
  A worm (D:2)
  3 dart slugs
  3 leopard geckos
  3 bats
  3 giant cockroaches
  3 goblins
  6 hobgoblins (D:2)
  4 jackals (D:2)
  A kobold (D:2)
  4 rats
33 creatures vanquished.

Notes
Turn   | Place    | Note
-------+----------+-------------------------------------------
     0 | D:1      | Gorglomux the Minotaur Earth Elementalist began the quest for the Orb.
     0 | D:1      | Reached XP level 1. HP: 14/14 MP: 1/1
   250 | D:1      | Reached skill level 1 in Fighting
   250 | D:1      | Reached skill level 1 in Armour
   312 | D:1      | Reached XP level 2. HP: 19/23 MP: 3/3
   931 | D:2      | Found a transporter.
   933 | D:2      | Noticed a bullfrog
   936 | D:2      | Found a transporter.
  1452 | D:2      | Reached XP level 3. HP: 28/29 MP: 4/4
  1486 | D:2      | Found a radiant altar of Vehumet.
  1640 | D:2      | Found a sparkling altar of Nemelex Xobeh.
  1940 | D:2      | Found a faded altar of an unknown god.
  2158 | D:2      | Found a shattered altar of Ashenzari.
  2300 | D:2      | HP: 1/30 [bullfrog (4)]
  2301 | D:2      | Slain by a bullfrog

Vault maps used:
D:1:      dpeg_arrival_water_fire
D:2:      gammafunk_temple_overflow_arena, old_standard_altar,
          old_standard_altar, chequers_ecumenical_altar_grove

Skill      XL: |  1  2 |
---------------+-------+-----
Fighting       | 1 2 |  2.9
Armour         | 1 2 |  2.8
Dodging        | |  2.1
Stealth        | |  1.5
Spellcasting   | |  1.3
Transmutations | |  0.7
Earth Magic    | |  2.4

Action                   || total
-------------------------++-------
Melee: Mace              ||    66
       Headbutt          ||     9
 Cast: Sandblast         ||    10
  Use: Scroll            ||     1
       Potion            ||     1
 Stab: Sleeping          ||     4
  Eat: Chunk             ||     5
Armor: Robe              ||    26
Dodge: Dodged            ||    67

Table legend:
 A = Spawn XP
 B = Non-spawn XP
 C = Spawn XP percentage of total XP
 D = Spawn monster count
 E = Non-spawn monster count
 F = Spawn count percentage of total count
 G = Total turns spent on level
                    A         B        C        D         E        F      G
               +---------+---------+-------+---------+---------+-------+---------
         Total |       0 |      84 |   0.0 |       0 |      33 |   0.0 |  2301
               +---------+---------+-------+---------+---------+-------+---------
           D:1 |       0 |      15 |   0.0 |       0 |       7 |   0.0 |  1334
           D:2 |       0 |      69 |   0.0 |       0 |      26 |   0.0 |   967
               +---------+---------+-------+---------+---------+-------+---------
